| TOP OF THE 1ST |
|
Augusta GreenJackets batting - Pitching for Great Lakes Loons : RHP Adonis Loyd
|
|
Pitching: RHP Adonis Loyd
|
|
|
Batting: RHB Danny Gallo
|
0-0: Ball 1-0: Called Strike 1-1: Foul Ball, location: 2F 1-2: Ball 2-2: Ball 3-2: Foul Ball, location: 2F 3-2: Ground out 6-3 (Groundball, 6S, EV 85.0 MPH)
|
|
Batting: RHB Mike Buchanan
|
0-0: Ball 1-0: Ball 2-0: Fly out, F4 (Line Drive, 4, EV 67.5 MPH)
|
|
Batting: LHB Carey Horncole
|
0-0: Foul Ball, location: 2F 0-1: Ball 1-1: Ball 2-1: Called Strike 2-2: Ball 3-2: Base on Balls
|
|
Batting: RHB Omar Jordan
|
0-0: Called Strike 0-1: Swinging Strike 0-2: Strikes out swinging
|
| Top of the 1st over - 0 runs, 0 hits, 0 errors, 1 left on base; Augusta 0 - Great Lakes 0 |
| BOTTOM OF THE 1ST |
|
Great Lakes Loons batting - Pitching for Augusta GreenJackets : RHP Rich Benoit
|
|
Pitching: RHP Rich Benoit
|
|
|
Batting: RHB Ken Jenkins
|
0-0: Called Strike 0-1: Ball 1-1: Ball 2-1: Foul Ball, location: 2F 2-2: Fly out, F8 (Flyball, 8LM, EV 89.4 MPH)
|
|
Batting: RHB Alex Mejia
|
0-0: Ball 1-0: Foul Ball, location: 2F 1-1: Swinging Strike 1-2: Ball 2-2: Strikes out swinging
|
|
Batting: LHB Antonio Luis
|
0-0: Ball 1-0: Called Strike 1-1: SINGLE (Line Drive, 4M, EV 94.4 MPH)
|
|
Batting: RHB Mike Sims
|
0-0: Ball 1-0: SINGLE (Line Drive, 7S, EV 91.3 MPH) Antonio Luis to second
|
|
Batting: LHB Jim Chalk
|
0-0: Called Strike 0-1: Foul Ball, location: 2F 0-2: Ball 1-2: Fly out, F8 (Flyball, 78D, EV 96.9 MPH)
|
| Bottom of the 1st over - 0 runs, 2 hits, 0 errors, 2 left on base; Augusta 0 - Great Lakes 0 |
| TOP OF THE 2ND |
|
Augusta GreenJackets batting - Pitching for Great Lakes Loons : RHP Adonis Loyd
|
|
Batting: RHB Chris King
|
0-0: Ball 1-0: Ground out 6-3 (Groundball, 6, EV 85.6 MPH)
|
|
Batting: LHB Terry Ebersole
|
0-0: Ball 1-0: Ground out 4-3 (Groundball, 4, EV 90.6 MPH)
|
|
Batting: RHB Doug Kennie
|
0-0: Swinging Strike 0-1: Called Strike 0-2: Ball 1-2: Ball 2-2: Ball 3-2: Strikes out swinging
|
| Top of the 2nd over - 0 runs, 0 hits, 0 errors, 0 left on base; Augusta 0 - Great Lakes 0 |
| BOTTOM OF THE 2ND |
|
Great Lakes Loons batting - Pitching for Augusta GreenJackets : RHP Rich Benoit
|
|
Batting: LHB Alberto Chavez
|
0-0: Called Strike 0-1: Ball 1-1: Called Strike 1-2: Fly out, F7 (Flyball, 7LS, EV 91.9 MPH)
|
|
Batting: RHB Phil Knox
|
0-0: Ground out 6-3 (Groundball, 6, EV 101.9 MPH)
|
|
Batting: RHB Josh Kimbrell
|
0-0: Ball 1-0: SINGLE (Groundball, 6D, EV 97.5 MPH)
|
|
Batting: RHB Santos Guadalupe
|
0-0: Ball 1-0: Called Strike 1-1: Called Strike 1-2: Ball 2-2: Foul Ball, location: 2F 2-2: Strikes out looking
|
| Bottom of the 2nd over - 0 runs, 1 hit, 0 errors, 1 left on base; Augusta 0 - Great Lakes 0 |
| TOP OF THE 3RD |
|
Augusta GreenJackets batting - Pitching for Great Lakes Loons : RHP Adonis Loyd
|
|
Batting: RHB Juan Flores
|
0-0: Called Strike 0-1: Ball 1-1: Foul Ball, location: 2F 1-2: SINGLE (Groundball, 6MD, EV 104.4 MPH)
|
|
Batting: RHB Alfredo Lemus
|
0-0: Fielders Choice at 2nd, 4-6 (Groundball, 4, EV 81.3 MPH)
|
|
Batting: RHB Danny Gallo
|
0-0: Ball 1-0: Ball 2-0: Ball 3-0: Base on Balls Alfredo Lemus to second
|
|
Batting: RHB Mike Buchanan
|
0-0: Fielders Choice at 2nd, 5-4 (Groundball, 5, EV 88.8 MPH) Alfredo Lemus to third
|
|
Batting: LHB Carey Horncole
|
0-0: Ball 1-0: Foul Ball, location: 2F 1-1: DOUBLE (Line Drive, 8RD, EV 105.6 MPH) Alfredo Lemus scores Mike Buchanan to third Runner from 3rd tries for Home, SAFE, throw by CF to home
|
|
Batting: RHB Omar Jordan
|
0-0: Called Strike 0-1: Fly out, F9 (Flyball, 9LS, EV 83.1 MPH)
|
| Top of the 3rd over - 2 runs, 2 hits, 0 errors, 1 left on base; Augusta 2 - Great Lakes 0 |
| BOTTOM OF THE 3RD |
|
Great Lakes Loons batting - Pitching for Augusta GreenJackets : RHP Rich Benoit
|
|
Batting: RHB Ken Jenkins
|
0-0: Swinging Strike 0-1: Ball 1-1: Called Strike 1-2: Ball 2-2: Foul Ball, location: 2F 2-2: Strikes out looking
|
|
Batting: RHB Alex Mejia
|
0-0: Swinging Strike 0-1: Called Strike 0-2: Strikes out swinging, 2-3 out at first.
|
|
Batting: LHB Antonio Luis
|
0-0: Fly out, F9 (Flyball, 9D, EV 105.0 MPH)
|
| Bottom of the 3rd over - 0 runs, 0 hits, 0 errors, 0 left on base; Augusta 2 - Great Lakes 0 |
| TOP OF THE 4TH |
|
Augusta GreenJackets batting - Pitching for Great Lakes Loons : RHP Adonis Loyd
|
|
Batting: RHB Chris King
|
0-0: Foul Ball, location: 2F 0-1: Ball 1-1: Ground out 6-3 (Groundball, 6, EV 87.5 MPH)
|
|
Batting: LHB Terry Ebersole
|
0-0: Called Strike 0-1: Foul Ball, location: 2F 0-2: Ball 1-2: Ball 2-2: Foul Ball, location: 2F 2-2: Fly out, F8 (Flyball, 78D, EV 91.3 MPH)
|
|
Batting: RHB Doug Kennie
|
0-0: Ball 1-0: Ball 2-0: SINGLE (Groundball, 6MD, EV 111.9 MPH)
|
|
Batting: RHB Juan Flores
|
0-0: Ball 1-0: Called Strike 1-1: Ball 2-1: Called Strike 2-2: DOUBLE (Groundball, 5L, EV 101.3 MPH) Doug Kennie to third Runner from 3rd tries for Home, throw by LF and OUT! 7-6-2
|
| Top of the 4th over - 0 runs, 2 hits, 0 errors, 1 left on base; Augusta 2 - Great Lakes 0 |
| BOTTOM OF THE 4TH |
|
Great Lakes Loons batting - Pitching for Augusta GreenJackets : RHP Rich Benoit
|
|
Batting: RHB Mike Sims
|
0-0: Called Strike 0-1: Foul Ball, location: 2F 0-2: Foul Ball, location: 2F 0-2: Fly out, F7 (Flyball, 78D, EV 83.8 MPH)
|
|
Batting: LHB Jim Chalk
|
0-0: Ball 1-0: Called Strike 1-1: Ball 2-1: Ball 3-1: Ground out 4-3 (Groundball, 4, EV 87.5 MPH)
|
|
Batting: LHB Alberto Chavez
|
0-0: Called Strike 0-1: Foul Ball, location: 2F 0-2: Ball 1-2: Ball 2-2: Strikes out swinging
|
| Bottom of the 4th over - 0 runs, 0 hits, 0 errors, 0 left on base; Augusta 2 - Great Lakes 0 |
| TOP OF THE 5TH |
|
Augusta GreenJackets batting - Pitching for Great Lakes Loons : RHP Adonis Loyd
|
|
Batting: RHB Alfredo Lemus
|
0-0: Foul Ball, location: 2F 0-1: Foul Ball, location: 2F 0-2: Ground out 6-3 (Groundball, 6, EV 91.9 MPH)
|
|
Batting: RHB Danny Gallo
|
0-0: Called Strike 0-1: Foul Ball, location: 2F 0-2: Strikes out swinging
|
|
Batting: RHB Mike Buchanan
|
0-0: Called Strike 0-1: Foul Ball, location: 2F 0-2: Ball 1-2: Foul Ball, location: 2F 1-2: Ball 2-2: Foul Ball, location: 2F 2-2: Foul Ball, location: 2F 2-2: Foul Ball, location: 2F 2-2: Ball 3-2: Strikes out looking
|
| Top of the 5th over - 0 runs, 0 hits, 0 errors, 0 left on base; Augusta 2 - Great Lakes 0 |
| BOTTOM OF THE 5TH |
|
Great Lakes Loons batting - Pitching for Augusta GreenJackets : RHP Rich Benoit
|
|
Batting: RHB Phil Knox
|
0-0: Swinging Strike 0-1: Ball 1-1: Foul Ball, location: 2F 1-2: Strikes out swinging
|
|
Batting: RHB Josh Kimbrell
|
0-0: Ball 1-0: Foul Ball, location: 2F 1-1: Ball 2-1: Swinging Strike 2-2: SOLO HOME RUN (Line Drive, 89XD, EV 100.0 MPH), Distance : 404 ft
|
|
Batting: RHB Santos Guadalupe
|
0-0: Ball 1-0: Foul Ball, location: 2F 1-1: Foul Ball, location: 2F 1-2: Foul Ball, location: 2F 1-2: Foul Ball, location: 2F 1-2: Ball 2-2: Ball 3-2: Base on Balls
|
|
Batting: RHB Ken Jenkins
|
0-0: Ball 1-0: Ball 2-0: Called Strike 2-1: Swinging Strike 2-2: Ball 3-2: Fly out, F9 (Flyball, 9LS, EV 75.6 MPH)
|
|
Batting: RHB Alex Mejia
|
0-0: Ball 1-0: Ball 2-0: Fly out, F3 (Popup, 3S, EV 78.1 MPH)
|
| Bottom of the 5th over - 1 run, 1 hit, 0 errors, 1 left on base; Augusta 2 - Great Lakes 1 |
| TOP OF THE 6TH |
|
Augusta GreenJackets batting - Pitching for Great Lakes Loons : RHP Adonis Loyd
|
|
Batting: LHB Carey Horncole
|
0-0: Foul Ball, location: 2F 0-1: Ball 1-1: Ball 2-1: Ball 3-1: Base on Balls
|
|
Batting: RHB Omar Jordan
|
0-0: Ball 1-0: Called Strike 1-1: Ball 2-1: Ball 3-1: Base on Balls Carey Horncole to second
|
|
Batting: RHB Chris King
|
0-0: Ball 1-0: Ball 2-0: Called Strike Balk! Carey Horncole to third Omar Jordan to second 2-1: Ball 3-1: Base on Balls
|
|
Batting: LHB Terry Ebersole
|
0-0: Called Strike 0-1: Ball 1-1: SINGLE (Groundball, 4D, EV 100.0 MPH) Carey Horncole scores Omar Jordan to third Chris King to second
|
|
Batting: RHB Doug Kennie
|
0-0: Fly out, F8 (Flyball, 8RXD, EV 93.8 MPH) Runner from 3rd tags up, SCORES, no throw by CF Chris King to third
|
|
Batting: RHB Juan Flores
|
0-0: Called Strike 0-1: Ball 1-1: Swinging Strike 1-2: Foul Ball, location: 2F 1-2: Grounds into double play, 6-4-3 (Groundball, 6, EV 87.5 MPH)
|
| Top of the 6th over - 2 runs, 1 hit, 0 errors, 1 left on base; Augusta 4 - Great Lakes 1 |
| BOTTOM OF THE 6TH |
|
Great Lakes Loons batting - Pitching for Augusta GreenJackets : RHP Rich Benoit
|
|
Batting: LHB Antonio Luis
|
0-0: Ball 1-0: Ball 2-0: Foul Ball, location: 2F 2-1: Called Strike 2-2: Strikes out swinging
|
|
Batting: RHB Mike Sims
|
0-0: SINGLE (Flyball, 78S, EV 85.6 MPH)
|
|
Batting: LHB Jim Chalk
|
0-0: Called Strike 0-1: Ball 1-1: Swinging Strike 1-2: Foul Ball, location: 2F 1-2: Ball 2-2: Ball 3-2: 2-RUN HOME RUN (Flyball, 89XD, EV 97.5 MPH), Distance : 380 ft
|
|
Pitching: LHP Matt Wass
|
|
|
Pinch Hitting: RHB Jerry Sanchez
|
0-0: Ball 1-0: Foul Ball, location: 2F 1-1: Foul Ball, location: 2F 1-2: Foul Ball, location: 2F 1-2: Strikes out swinging
|
|
Batting: RHB Phil Knox
|
0-0: DOUBLE (Line Drive, 89XD, EV 105.6 MPH)
|
|
Batting: RHB Josh Kimbrell
|
0-0: Called Strike 0-1: Ground out 4-3 (Groundball, 4, EV 100.0 MPH)
|
| Bottom of the 6th over - 2 runs, 3 hits, 0 errors, 1 left on base; Augusta 4 - Great Lakes 3 |
| TOP OF THE 7TH |
|
Augusta GreenJackets batting - Pitching for Great Lakes Loons : RHP Adonis Loyd
|
|
Pitching: RHP Jeremy Stock
|
|
|
Now at 1B: Jayden Copeland
|
|
|
Batting: RHB Alfredo Lemus
|
0-0: Swinging Strike 0-1: Ball 1-1: SINGLE (Line Drive, 7S, EV 88.1 MPH)
|
|
Batting: RHB Danny Gallo
|
0-0: Ball 1-0: Bunted foul 1-1: Sac Bunt to P - play at first, batter OUT! 1-4 Alfredo Lemus to second
|
|
Batting: RHB Mike Buchanan
|
0-0: Foul Ball, location: 2F 0-1: Swinging Strike 0-2: Ball 1-2: Ball 2-2: Fly out, F8 (Flyball, 8RM, EV 87.5 MPH)
|
|
Batting: LHB Carey Horncole
|
0-0: Intentional Walk
|
|
Batting: RHB Omar Jordan
|
0-0: Ball 1-0: Ball 2-0: Called Strike 2-1: Ball 3-1: Base on Balls Alfredo Lemus to third Carey Horncole to second
|
|
Batting: RHB Chris King
|
0-0: Ball 1-0: Ball 2-0: Ball 3-0: Called Strike 3-1: Base on Balls Alfredo Lemus scores Carey Horncole to third Omar Jordan to second
|
|
Batting: LHB Terry Ebersole
|
0-0: Ball 1-0: Ball 2-0: Foul Ball, location: 2F 2-1: Ball 3-1: Called Strike 3-2: Strikes out looking
|
| Top of the 7th over - 1 run, 1 hit, 0 errors, 3 left on base; Augusta 5 - Great Lakes 3 |
| BOTTOM OF THE 7TH |
|
Great Lakes Loons batting - Pitching for Augusta GreenJackets : LHP Matt Wass
|
|
Batting: RHB Santos Guadalupe
|
0-0: Called Strike 0-1: Ball 1-1: Ball 2-1: Foul Ball, location: 2F 2-2: Ball 3-2: Ground out 4-3 (Groundball, 4S, EV 66.3 MPH)
|
|
Batting: RHB Ken Jenkins
|
0-0: Called Strike 0-1: Fly out, F8 (Flyball, 8LXD, EV 88.1 MPH)
|
|
Batting: RHB Alex Mejia
|
0-0: Foul Ball, location: 2F 0-1: Called Strike 0-2: Ball 1-2: Ball 2-2: SINGLE (Groundball, P, EV 80.6 MPH) (infield hit)
|
|
Batting: LHB Antonio Luis
|
0-0: Called Strike 0-1: Called Strike 0-2: Ball Alex Mejia is caught stealing 2nd base 2-6
|
| Bottom of the 7th over - 0 runs, 1 hit, 0 errors, 0 left on base; Augusta 5 - Great Lakes 3 |
| TOP OF THE 8TH |
|
Augusta GreenJackets batting - Pitching for Great Lakes Loons : RHP Jeremy Stock
|
|
Batting: RHB Doug Kennie
|
0-0: Ball 1-0: Called Strike 1-1: Ground out 6-3 (Groundball, 56, EV 90.0 MPH)
|
|
Batting: RHB Juan Flores
|
0-0: Called Strike 0-1: Swinging Strike 0-2: Ball 1-2: Strikes out swinging
|
|
Batting: RHB Alfredo Lemus
|
0-0: Ball 1-0: Ball 2-0: Called Strike 2-1: Fly out, F7 (Flyball, 78M, EV 82.5 MPH)
|
| Top of the 8th over - 0 runs, 0 hits, 0 errors, 0 left on base; Augusta 5 - Great Lakes 3 |
| BOTTOM OF THE 8TH |
|
Great Lakes Loons batting - Pitching for Augusta GreenJackets : LHP Matt Wass
|
|
Batting: LHB Antonio Luis
|
0-0: Foul Ball, location: 2F 0-1: Ball 1-1: Foul Ball, location: 2F 1-2: Strikes out swinging
|
|
Batting: RHB Mike Sims
|
0-0: Called Strike 0-1: Called Strike 0-2: Foul Ball, location: 2F 0-2: Foul Ball, location: 2F 0-2: DOUBLE (Flyball, 8LXD, EV 91.9 MPH)
|
|
Batting: LHB Jim Chalk
|
0-0: Foul Ball, location: 2F 0-1: Foul Ball, location: 2F 0-2: Foul Ball, location: 2F 0-2: Ball 1-2: Ground out 4-3 (Groundball, 4S, EV 67.5 MPH) Mike Sims to third
|
|
Batting: RHB Jayden Copeland
|
0-0: Ball 1-0: Called Strike 1-1: Ball 2-1: SINGLE (Groundball, P, EV 94.4 MPH) (infield hit) Mike Sims scores
|
|
Batting: RHB Phil Knox
|
0-0: Ball 1-0: Ball 2-0: Called Strike 2-1: Called Strike 2-2: Strikes out looking
|
| Bottom of the 8th over - 1 run, 2 hits, 0 errors, 1 left on base; Augusta 5 - Great Lakes 4 |
| TOP OF THE 9TH |
|
Augusta GreenJackets batting - Pitching for Great Lakes Loons : RHP Jeremy Stock
|
|
Pitching: RHP Mark McDonald
|
|
|
Batting: RHB Danny Gallo
|
0-0: Ball 1-0: TRIPLE (Flyball, 78XD, EV 108.8 MPH)
|
|
Batting: RHB Mike Buchanan
|
0-0: Ground out 1-3 (Groundball, 13, EV 70.0 MPH)
|
|
Batting: LHB Carey Horncole
|
0-0: Intentional Walk
|
|
Batting: RHB Omar Jordan
|
0-0: Foul Ball, location: 2F 0-1: Ball Carey Horncole is caught stealing 2nd base 2-4 1-1: Ball 2-1: Swinging Strike 2-2: Ball 3-2: Strikes out swinging
|
| Top of the 9th over - 0 runs, 1 hit, 0 errors, 1 left on base; Augusta 5 - Great Lakes 4 |
| BOTTOM OF THE 9TH |
|
Great Lakes Loons batting - Pitching for Augusta GreenJackets : LHP Matt Wass
|
|
Pitching: RHP Nate Heideman
|
|
|
Now at 2B: Devin Lowery
|
|
|
Now in LF: Ian Richardson
|
|
|
Pinch Hitting: LHB Chris Barrera
|
0-0: Ball 1-0: Ball 2-0: SOLO HOME RUN (Flyball, 89XD, EV 103.8 MPH), Distance : 404 ft
|
|
Batting: RHB Santos Guadalupe
|
0-0: Ball 1-0: Called Strike 1-1: SINGLE (Groundball, 56D, EV 95.0 MPH)
|
|
Batting: RHB Ken Jenkins
|
0-0: Foul Ball, location: 2F 0-1: Swinging Strike 0-2: Strikes out looking
|
|
Batting: RHB Alex Mejia
|
0-0: Ball 1-0: Ball 2-0: DOUBLE (Flyball, 78D, EV 100.0 MPH) Santos Guadalupe to third
|
|
Batting: LHB Antonio Luis
|
0-0: Intentional Walk
|
|
Batting: RHB Mike Sims
|
0-0: Ball 1-0: Ball 2-0: Foul Ball, location: 2F 2-1: Foul Ball, location: 2F 2-2: Ball 3-2: Grounds into double play, 5-2-3 (Groundball, 56S, EV 80.0 MPH)
|
| Bottom of the 9th over - 1 run, 3 hits, 0 errors, 2 left on base; Augusta 5 - Great Lakes 5 |
| TOP OF THE 10TH |
|
Augusta GreenJackets batting - Pitching for Great Lakes Loons : RHP Mark McDonald
|
|
Now at C: Sean Tanner
|
|
|
Pinch Hitting: LHB Pong-keun Koh
|
0-0: Foul Ball, location: 2F 0-1: Ground out 4-3 (Groundball, 34, EV 102.5 MPH)
|
|
Batting: LHB Terry Ebersole
|
0-0: Ball 1-0: Ball 2-0: Called Strike 2-1: Called Strike 2-2: Ground out 2-3 (Groundball, 2L, EV 66.9 MPH)
|
|
Batting: RHB Doug Kennie
|
0-0: Ground out 5-3 (Groundball, 56, EV 85.6 MPH)
|
| Top of the 10th over - 0 runs, 0 hits, 0 errors, 0 left on base; Augusta 5 - Great Lakes 5 |
| BOTTOM OF THE 10TH |
|
Great Lakes Loons batting - Pitching for Augusta GreenJackets : RHP Nate Heideman
|
|
Pitching: LHP Tommy McCusker
|
|
|
Now in LF: Mike Buchanan
|
|
|
Now in RF: John Whitman
|
|
|
Batting: LHB Jim Chalk
|
0-0: Ball 1-0: Called Strike 1-1: Foul Ball, location: 2F 1-2: Ground out 4-3 (Groundball, 4, EV 88.8 MPH)
|
|
Batting: RHB Jayden Copeland
|
0-0: Swinging Strike 0-1: Ball 1-1: Called Strike 1-2: Strikes out swinging
|
|
Batting: RHB Phil Knox
|
0-0: SINGLE (Flyball, 8RS, EV 93.1 MPH)
|
|
Batting: RHB Sean Tanner
|
0-0: Called Strike 0-1: Called Strike 0-2: Ball 1-2: Strikes out swinging
|
| Bottom of the 10th over - 0 runs, 1 hit, 0 errors, 1 left on base; Augusta 5 - Great Lakes 5 |
| TOP OF THE 11TH |
|
Augusta GreenJackets batting - Pitching for Great Lakes Loons : RHP Mark McDonald
|
|
Batting: RHB Devin Lowery
|
0-0: Ball 1-0: Called Strike 1-1: Ball 2-1: Called Strike 2-2: Fly out, F8 (Flyball, 89M, EV 84.4 MPH)
|
|
Batting: RHB Alfredo Lemus
|
0-0: Called Strike 0-1: Ball 1-1: Ball 2-1: Ground out 6-3 (Groundball, 6, EV 93.8 MPH)
|
|
Batting: RHB Danny Gallo
|
0-0: Called Strike 0-1: Called Strike 0-2: Strikes out looking
|
| Top of the 11th over - 0 runs, 0 hits, 0 errors, 0 left on base; Augusta 5 - Great Lakes 5 |
| BOTTOM OF THE 11TH |
|
Great Lakes Loons batting - Pitching for Augusta GreenJackets : LHP Tommy McCusker
|
|
Batting: RHB Santos Guadalupe
|
0-0: Ball 1-0: Called Strike 1-1: SINGLE (Groundball, P, EV 85.6 MPH) (infield hit)
|
|
Batting: RHB Ken Jenkins
|
0-0: Foul Ball, location: 2F 0-1: Ball 1-1: Ball 2-1: Foul Ball, location: 2F 2-2: Foul Ball, location: 2F 2-2: Fly out, F7 (Flyball, 78XD, EV 100.6 MPH) Runner from 1st tags up, SAFE at 2nd
|
|
Batting: RHB Alex Mejia
|
0-0: Intentional Walk
|
|
Pinch Runner at 2nd Matt Fields:
|
|
|
Batting: LHB Antonio Luis
|
0-0: Ball 1-0: Called Strike 1-1: Called Strike 1-2: Strikes out swinging
|
|
Batting: RHB Mike Sims
|
0-0: Called Strike 0-1: Ball 1-1: Swinging Strike 1-2: Foul Ball, location: 2F 1-2: Strikes out swinging
|
| Bottom of the 11th over - 0 runs, 1 hit, 0 errors, 2 left on base; Augusta 5 - Great Lakes 5 |
| TOP OF THE 12TH |
|
Augusta GreenJackets batting - Pitching for Great Lakes Loons : RHP Mark McDonald
|
|
Now at 3B: Ashton Crenshaw
|
|
|
Batting: RHB Mike Buchanan
|
0-0: Ball 1-0: DOUBLE (Line Drive, 8LD, EV 103.1 MPH)
|
|
Batting: LHB Carey Horncole
|
0-0: Intentional Walk
|
|
Batting: RHB Omar Jordan
|
0-0: Fly out, F9 (Flyball, 9LS, EV 87.5 MPH)
|
|
Batting: LHB John Whitman
|
0-0: Called Strike 0-1: Ball 1-1: Swinging Strike 1-2: Ball 2-2: Strikes out swinging
|
|
Batting: LHB Terry Ebersole
|
0-0: Ball 1-0: Called Strike 1-1: Swinging Strike 1-2: Ball 2-2: Strikes out swinging
|
| Top of the 12th over - 0 runs, 1 hit, 0 errors, 2 left on base; Augusta 5 - Great Lakes 5 |
| BOTTOM OF THE 12TH |
|
Great Lakes Loons batting - Pitching for Augusta GreenJackets : LHP Tommy McCusker
|
|
Batting: LHB Jim Chalk
|
0-0: Ball 1-0: Ball 2-0: Called Strike 2-1: Foul Ball, location: 2F 2-2: Foul Ball, location: 2F 2-2: Strikes out swinging
|
|
Batting: RHB Jayden Copeland
|
0-0: Swinging Strike 0-1: DOUBLE (Flyball, 89D, EV 105.6 MPH)
|
|
Pitching: LHP Kyle Worford
|
|
|
Batting: RHB Phil Knox
|
0-0: Called Strike 0-1: Ball 1-1: Ball 2-1: 2-RUN HOME RUN (Flyball, 78XD, EV 103.1 MPH), Distance : 389 ft
|
| Bottom of the 12th over - 2 runs, 2 hits, 0 errors, 0 left on base; Augusta 5 - Great Lakes 7 |
| |
|
Game Over ... Great Lakes defeats Augusta, 7 to 5
|
|
|